 Dungeon Crawl Stone Soup version 0.26.1-11-gd32895ea62 (webtiles) character file.

Game seed: 9971360502798405710

2015916 ZZKoverts the Slayer (level 27, 229/229 HPs)
             Began as a Gnoll Wanderer on Apr 19, 2021.
             Was the Champion of Ashenzari.
             Escaped with the Orb
             ... and 4 runes on Apr 20, 2021!
             The game lasted 05:20:35 (100707 turns).

ZZKoverts the Slayer (Gnoll Wanderer)             Turns: 100707, Time: 05:20:36

Health: 229/229    AC: 44    Str: 27    XL:     27
Magic:  55/55      EV: 35    Int: 18    God:    Ashenzari [******]
Gold:   7486       SH: 24    Dex: 29    Spells: 59/65 levels left

rFire    + + +     SeeInvis +   a - +9 demon blade (pain) (curse)
rCold    + . .     Faith    .   M - +5 kite shield (curse)
rNeg     + + .     Spirit   .   X - +10 storm dragon scales (curse) {Bai Suzhen}
rPois    +         Reflect  .   j - -2 hat of the Alchemist {rElec rPois rF+ rC+ rN+ Will+ rMut rCorr} (curse)
rElec    +         Harm     .   W - +1 cloak of Starlight {*Dazzle EV+4 Stlth--} (curse)
rCorr    +         Rampage  .   k - +2 pair of gloves (curse)
rMut     +         Clarity  +   T - +2 pair of boots {Fly} (curse)
Will     +++++                  G - amulet of the Four Winds {rN+ Will+++ Clar} (curse)
Stlth    +.........             O - ring "Rimoim" {rElec rPois rF+ MP+9 Dex+4} (curse)
HPRegen  0.48/turn              N - ring "Puuceas" {rF+ Str+6 Dex+7}
MPRegen  0.34/turn

@: flying, studying 2 skills
A: distributed training, fangs 1, horns 1, repulsion field 1, iridescent scales
1, thin metallic scales 1, screaming 1, no potion heal 1, MP-powered wands,
strong nose
0: Orb of Zot
}: 4/15 runes: serpentine, barnacled, slimy, silver
a: Stop Flying, Renounce Religion, Curse Item, Scrying


You escaped.
You worshipped Ashenzari.
Ashenzari was exalted by your worship.
You visited 12 branches of the dungeon, and saw 59 of its levels.
You also visited: Bailey, Ice Cave and Wizlab.

You collected 8881 gold pieces.
You spent 1395 gold pieces at shops.

Inventory:

Hand Weapons
 a - a cursed +9 demon blade of pain (weapon)
   (You found it in an ice cave)
 b - a +9 trishula of holy wrath
   (You took it off Mennas on level 4 of the Vaults)
 t - the cursed +1 hand crossbow of the Eggplant {freeze, Stlth+}
   (You found it on level 2 of the Realm of Zot)

   It causes projectiles fired from it to freeze those they strike, causing
   extra injury to most foes and up to half again as much damage against
   particularly susceptible opponents.
   They can also slow down cold-blooded creatures.
   It makes you more stealthy.
   It has a curse placed upon it.
 C - the +7 quarterstaff of Extremism {vorpal, rC+}
   (You found it on level 3 of the Crypt)

   It inflicts extra damage upon your enemies.
   It protects you from cold.
 K - a +1 demon whip of pain
   (You took it off a spriggan defender on level 4 of the Depths)
Missiles
 f - 11 throwing nets (quivered) {!f}
Armour
 j - the cursed -2 hat of the Alchemist (worn) {rElec rPois rF+ rC+ rN+ Will+ rMut rCorr}
   (You found it on level 3 of the Elven Halls)

   It protects you from fire.
   It protects you from cold.
   It insulates you from electricity.
   It protects you from poison.
   It protects you from negative energy.
   It affects your willpower, your defense against some magical effects.
   It provides partial protection from all sources of acid and corrosion.
   It protects you from mutation.
   It has a curse placed upon it.
 k - a cursed +2 pair of gloves (worn)
   (You found it on level 3 of the Elven Halls)
 H - a +0 tower shield
   (You took it off a naga warrior on level 4 of the Snake Pit)
 M - a cursed +5 kite shield (worn)
   (You found it on level 11 of the Dungeon)
 T - a cursed +2 pair of boots of flying (worn)
   (You found it on level 1 of the Orcish Mines)
 U - +0 gold dragon scales
   (You found it on level 4 of the Vaults)
 W - the cursed +1 cloak of Starlight (worn) {*Dazzle EV+4 Stlth--}
   (You found it on level 1 of the Orcish Mines)

   It affects your evasion (+4).
   It makes you much less stealthy.
   It has a curse placed upon it.
 X - cursed +10 storm dragon scales (worn) {Bai Suzhen}
   (You found it on level 3 of the Elven Halls)
Jewellery
 o - the ring "Utonuo" {+Blink rF+ rN+ Int+6}
   (You found it on level 3 of the Crypt)

   [ring of intelligence]

   It affects your intelligence (+6).
   It protects you from fire.
   It protects you from negative energy.
   It lets you blink.
 z - the amulet "Kom Ypom" {Reflect MP+9 Slay+3 SH+5}
   (You found it on level 1 of the Tomb of the Ancients)

   [amulet of reflection]

   It shields you and reflects attacks.
   It affects your accuracy and damage with ranged weapons and melee attacks
   (+3).
   It affects your magic capacity (+9).
   It affects your SH (+5).
 B - the ring of the Tortoise {AC+8}
   (You found it on level 3 of the Elven Halls)

   [ring of protection]

   It affects your AC (+8).
 E - an uncursed ring of positive energy
   (You found it on level 3 of the Realm of Zot)
 G - the cursed amulet of the Four Winds (around neck) {rN+ Will+++ Clar}
   (You found it on level 12 of the Dungeon)

   [amulet of nothing]

   It protects you from negative energy.
   It affects your willpower, your defense against some magical effects.
   It protects you against confusion.
   It has a curse placed upon it.
 N - the ring "Puuceas" (right hand) {rF+ Str+6 Dex+7}
   (You found it on level 6 of the Lair of Beasts)

   [ring of strength]

   It affects your strength (+6).
   It affects your dexterity (+7).
   It protects you from fire.
 O - the cursed ring "Rimoim" (left hand) {rElec rPois rF+ MP+9 Dex+4}
   (You bought it in a shop on level 7 of the Dungeon)

   [ring of magical power]

   It affects your dexterity (+4).
   It protects you from fire.
   It insulates you from electricity.
   It protects you from poison.
   It affects your magic capacity (+9).
   It has a curse placed upon it.
 V - the ring of Biluut {Int+6 Dex+3 Slay-4 SInv}
   (You found it on level 3 of the Elven Halls)

   [ring of intelligence]

   It affects your intelligence (+6).
   It affects your dexterity (+3).
   It affects your accuracy and damage with ranged weapons and melee attacks
   (-4).
   It lets you see invisible.
Wands
 c - a wand of disintegration (37)
   (You found it on level 4 of the Dungeon)
 d - a wand of iceblast (49)
   (You found it on level 2 of the Lair of Beasts)
 u - a wand of paralysis (38)
   (You found it on level 6 of the Dungeon)
 v - a wand of digging (7)
   (You found it on level 5 of the Lair of Beasts)
 x - a wand of acid (56)
   (You bought it in a shop on level 2 of the Orcish Mines)
 J - a wand of enslavement (32)
   (You found it on level 5 of the Dungeon)
 P - a wand of polymorph (45)
   (You found it on level 2 of the Lair of Beasts)
Scrolls
 e - 4 scrolls of enchant weapon
 g - 46 scrolls of identify {@r1}
 h - 2 scrolls of enchant armour
 i - 15 scrolls of amnesia
 m - 23 scrolls of remove curse {@r2}
 n - 10 scrolls of fog
 q - 15 scrolls of teleportation {@r4}
 D - 3 scrolls of magic mapping
 F - a scroll of fear
 Q - 2 scrolls of blinking
 R - 5 scrolls of immolation {!r}
 S - 2 scrolls of silence
 Z - 5 scrolls of brand weapon
Potions
 p - 4 potions of cancellation
 r - a potion of heal wounds {@q2}
 s - 4 potions of might
 y - 28 potions of curing {@q1}
 A - 4 potions of haste {@q3}
 I - 5 potions of resistance
 L - 12 potions of lignification {!q}
 Y - 6 potions of invisibility
Books
 l - a manual of Poison Magic {!d}
   (You found it on level 3 of the Crypt)
 w - a manual of Summonings {!d}
   (You found it on level 2 of the Depths)


   Skills:
 + Level 21.5 Fighting
 + Level 19.9 Short Blades
 + Level 19.9(23.4) Long Blades
 + Level 20.0 Axes
 + Level 19.9 Maces & Flails
 + Level 19.9 Polearms
 + Level 19.9 Staves
 + Level 19.9 Slings
 + Level 19.9 Bows
 + Level 19.9 Crossbows
 + Level 19.9 Throwing
 + Level 20.2(24.9) Armour
 + Level 19.9 Dodging
 + Level 20.0 Stealth
 + Level 19.9(22.1) Shields
 + Level 19.9 Unarmed Combat
 + Level 19.9 Spellcasting
 + Level 17.2(19.6) Conjurations
 + Level 17.2(19.6) Hexes
 + Level 19.2(21.4) Summonings
 + Level 17.2(19.6) Necromancy
 + Level 17.2(19.6) Translocations
 + Level 17.2(19.6) Transmutations
 + Level 17.2(19.6) Fire Magic
 + Level 17.2(19.6) Ice Magic
 + Level 17.2(19.6) Air Magic
 + Level 17.2(19.6) Earth Magic
 + Level 18.3(20.6) Poison Magic
 + Level 21.3 Invocations
 + Level 20.0(22.2) Evocations


You had 59 spell levels left.
You knew the following spells:

 Your Spells              Type           Power        Failure   Level
q - Passwall              Tmut/Erth      60%          0%          2
v - Passage of Golubria   Tloc           N/A          1%          4

Your spell library contained the following spells:

 Spells                   Type           Power        Failure   Level
 Animate Skeleton         Necr           100%         0%          1
 Apportation              Tloc           100%         0%          1
 Beastly Appendage        Tmut           100%         0%          1
 Corona                   Hex            81%          0%          1
 Foxfire                  Conj/Fire      100%         0%          1
 Freeze                   Ice            100%         0%          1
 Magic Dart               Conj           100%         0%          1
 Sandblast                Erth           100%         0%          1
 Shock                    Conj/Air       100%         0%          1
 Sting                    Tmut/Pois      100%         0%          1
 Summon Small Mammal      Summ           100%         0%          1
 Call Imp                 Summ           76%          0%          2
 Corpse Rot               Necr/Air       N/A          0%          2
 Ensorcelled Hibernation  Hex/Ice        100%         0%          2
 Poisonous Vapours        Pois/Air       100%         0%          2
 Searing Ray              Conj           100%         0%          2
 Slow                     Hex            73%          0%          2
 Sublimation of Blood     Necr           36%          0%          2
 Swiftness                Air            73%          0%          2
 Wereblood                Tmut           73%          0%          2
 Call Canine Familiar     Summ           76%          0%          3
 Confusing Touch          Hex            73%          0%          3
 Conjure Flame            Conj/Fire      73%          0%          3
 Dazzling Flash           Conj/Hex       100%         0%          3
 Frozen Ramparts          Ice            100%         0%          3
 Gell's Gravitas          Tloc           36%          0%          3
 Ignite Poison            Fire/Tmut/Pois 74%          0%          3
 Inner Flame              Hex/Fire       73%          0%          3
 Mephitic Cloud           Conj/Pois/Air  74%          0%          3
 Ozocubu's Armour         Ice            73%          0%          3
 Portal Projectile        Hex/Tloc       100%         0%          3
 Spider Form              Tmut/Pois      37%          0%          3
 Static Discharge         Conj/Air       73%          0%          3
 Stone Arrow              Conj/Erth      100%         0%          3
 Summon Guardian Golem    Hex/Summ       75%          0%          3
 Tukima's Dance           Hex            73%          0%          3
 Vampiric Draining        Necr           36%          0%          3
 Olgreb's Toxic Radiance  Pois           75%          0%          4
 Summon Ice Beast         Ice/Summ       75%          0%          4
 Airstrike                Air            36%          1%          4
 Animate Dead             Necr           36%          1%          4
 Cause Fear               Hex            36%          1%          4
 Fulminant Prism          Conj/Hex       36%          1%          4
 Hailstorm                Conj/Ice       73%          1%          4
 Ice Form                 Ice/Tmut       73%          1%          4
 Iskenderun's Mystic Bla  Conj/Tloc      73%          1%          4
 Leda's Liquefaction      Hex/Erth       36%          1%          4
 Petrify                  Tmut/Erth      73%          1%          4
 Sticky Flame             Conj/Fire      73%          1%          4
 Alistair's Intoxication  Tmut/Pois      49%          1%          5
 Blade Hands              Tmut           36%          1%          5
 Bolt of Magma            Conj/Fire/Erth 36%          1%          5
 Borgnjor's Vile Clutch   Necr/Erth      36%          1%          5
 Excruciating Wounds      Necr           36%          1%          5
 Fireball                 Conj/Fire      36%          1%          5
 Irradiate                Conj/Tmut      36%          1%          5
 Iskenderun's Battlesphe  Conj           73%          1%          5
 Lee's Rapid Deconstruct  Erth           36%          1%          5
 Lightning Bolt           Conj/Air       36%          1%          5
 Metabolic Englaciation   Hex/Ice        36%          1%          5
 Silence                  Hex/Air        36%          1%          5
 Summon Demon             Summ           38%          1%          5
 Summon Forest            Summ/Tloc      37%          1%          5
 Summon Mana Viper        Hex/Summ       75%          1%          5
 Yara's Violent Unravell  Hex/Tmut       36%          1%          5
 Death Channel            Necr           36%          1%          6
 Dispersal                Tloc           36%          1%          6
 Eringya's Noxious Bog    Tmut/Pois      37%          1%          6
 Freezing Cloud           Conj/Ice/Air   36%          1%          6
 Hydra Form               Tmut           36%          1%          6
 Invisibility             Hex            73%          1%          6
 Iron Shot                Conj/Erth      36%          1%          6
 Ozocubu's Refrigeration  Ice            36%          1%          6
 Shadow Creatures         Summ           N/A          1%          6
 Simulacrum               Ice/Necr       36%          1%          6
 Starburst                Conj/Fire      36%          1%          6
 Statue Form              Tmut/Erth      48%          1%          6
 Dragon Form              Tmut           36%          1%          7
 Malign Gateway           Summ/Tloc      37%          1%          7
 Monstrous Menagerie      Summ           38%          1%          7
 Orb of Destruction       Conj           36%          1%          7
 Spellforged Servitor     Conj/Summ      37%          1%          7
 Summon Greater Demon     Summ           38%          1%          7
 Summon Hydra             Summ           38%          1%          7
 Summon Horrible Things   Summ           38%          7%          8
 Borgnjor's Revivificati  Necr           36%          14%         8
 Chain Lightning          Conj/Air       36%          14%         8
 Discord                  Hex            36%          14%         8
 Disjunction              Tloc           36%          14%         8
 Ignition                 Fire           36%          14%         8
 Lehudib's Crystal Spear  Conj/Erth      36%          14%         8
 Dragon's Call            Summ           38%          71%         9
 Absolute Zero            Ice            36%          91%         9
 Fire Storm               Conj/Fire      36%          91%         9


Dungeon Overview and Level Annotations

Branches:
Dungeon (15/15)            Temple (0/1) D:7            Lair (6/6) D:11
 Shoals (4/4) Lair:2        Snake (4/4) Lair:4        Slime (5/5) Lair:6
    Orc (2/2) D:12            Elf (3/3) Orc:2        Vaults (5/5) D:13
  Crypt (3/3) Vaults:2       Tomb (2/3) Crypt:3      Depths (5/5) D:15
    Zot (5/5) Depths:5     Bailey (visited)           IceCv (visited)
 WizLab (visited)

Altars:
Ashenzari
Gozag
Hepliaklqana
Kikubaaqudgha
Makhleb
Okawaru
Sif Muna
Trog
Xom
Beogh
Jiyva

Shops:
D:7 (:}=!   D:9 ?   D:15 [((   Orc:2 !}:!   Elf:1 (   Elf:2 (*((   Vaults:3 *
Depths:5 *

Portals:
Hell: Depths:1 Depths:2 Depths:3 Depths:4 Depths:5
Abyss: Depths:4
Pandemonium: Depths:3 Depths:5
Ziggurat: Depths:1

Annotations:
D:8 2 runed translucent doors, arta456's ghost, novice DECj
Lair:2 3 runed translucent doors, raph's ghost, journeyman MfGl
Lair:4 exclusion: 2 oklob plants
Snake:4 2 transporters, ZZKoverts's ghost, adept SpHu
Elf:1 3 runed translucent doors, SushiGirl's ghost, journeyman DECj
Elf:2 3 runed translucent doors
Vaults:3 1 runed translucent door, nightchill's ghost, adept TrFi
Zot:5 3 runed translucent doors, Wiorrypn's ghost, legendary DsFi


Innate Abilities, Weirdness & Mutations

Your experience applies equally to all skills.
You have very sharp teeth.
Your uncanny sense of smell can sniff out nearby items.
You have a pair of small horns on your head.
You are surrounded by a mild repulsion field. (EV +2)
You are partially covered in iridescent scales. (AC +2)
You are partially covered in thin metallic scales. (AC +2)
You occasionally shout uncontrollably at your foes.
Potions are less effective at restoring your health.
You expend magic power (3 MP) to strengthen your wands.


Message History

Done exploring.
You sense a monster nearby.
There is a stone staircase leading up here.
You fly upwards.
There is a stone staircase leading down here.
There is an open door here.
There is an open door here.
There is a stone staircase leading up here.
You fly upwards.
There is a stone staircase leading down here.
You can't go up here!
There is a stone staircase leading up here.
You fly upwards.
There is a stone staircase leading down here.
There is a stone staircase leading up here.
You fly upwards.
There is a stone staircase leading down here.
There is an open door here.
You sense a monster nearby.
Casting: Passwall (safe; 0% risk of failure)
Aiming: Passwall (safe; 0% risk of failure)
A rock wall.
This square is covered in magical glow.
You begin to meditate on the wall.
You continue meditating on the rock. x3
You finish merging with the rock.
Casting: Passwall (safe; 0% risk of failure)
Aiming: Passwall (safe; 0% risk of failure)
A rock wall.
This square is covered in magical glow.
Something is blocking your path through the rock.
Unknown command.
An Ice Fiend comes into view.
You open the Ice Fiend like a pillowcase!!!
You headbutt the Ice Fiend, but do no damage.
You slice the Ice Fiend!!
You headbutt the Ice Fiend, but do no damage.
You hit the Ice Fiend. You headbutt the Ice Fiend!
The Ice Fiend gestures at you. The bolt of cold hits you. You resist.
You hit the Ice Fiend. You slash the Ice Fiend!
You kill the Ice Fiend!
HP restored.
You see here 18 stones.
There is an open door here.
There is an open door here.
There is an open door here.
A red devil comes into view. It is wielding a -2 trident.
There is a staircase leading out of the dungeon here.
You have escaped!

........#.# ##.####...## #.#
#.. ...###+##.###.##..)###.##
#.# #.. ...#
#.##.##.##.#######.###.####.
...#
#.##.##.#.###...###.##......
####
#.##.#.##.##{###.##.##.####.
#.##.#.#.##.##.##.#.#'.# #.
#.##.#.#.#.####.#.##.#.# ##
###'##.#.#.#.## #.##.#.#.# #
#......#.#.##@# ##.#4#.#.# #
#....###.##.######.#.#.#.# #
#....# #.##.####.#.#.#.#.## #
#....# ##.##.##.##.#4#.#..# #
#...†# #.###..##.##.#.##.# #
#....# ##(######.#.##.##.## #
#....# ##..###.##.#.###..# #
#.(..########...##.##'####.# #
#....##.....######4#....##.###


There were no monsters in sight!

Vanquished Creatures
  the Royal Jelly (Slime:5)
  7 ancient liches
  Mara (Vaults:5)
  4 orbs of fire (Zot:5)
  Mennas (Vaults:4)
  2 juggernauts
  12 royal mummies
  A pandemonium lord (Zot:1)
  2 Killer Klowns (Zot:5)
  Bai Suzhen (Elf:3)
  Margery (Depths:4)
  Jory (Vaults:5)
  8 golden dragons
  3 bone dragons
  2 profane servitors
  2 electric golems (Zot:5)
  A Hell Sentinel (D:8)
  27 Orb Guardians
  5 titans
  An Ice Fiend (D:1)
  11 tentacled monstrosities
  3 quicksilver dragons
  3 deep elf blademasters (Elf:3)
  A deep elf master archer (Elf:3)
  9 liches
  33 acid blobs
  12 sphinxes
  2 krakens
  3 death cobs
  Agnes (Elf:1)
  7 ancient champions
  Kirke (Elf:1)
  Gastronok (Orc:1)
  An Executioner (D:8)
  6 shadow dragons
  Polyphemus (Shoals:4)
  2 thorn hunters (Depths:3)
  8 storm dragons
  6 tengu reavers
  18 nagarajas
  5 draconian monks
  Donald (Shoals:3)
  4 revenants
  An iron dragon (Depths:4)
  An azure jelly (shapeshifter) (Depths:2)
  12 fire giants
  Ilsuiw (Shoals:3)
  19 azure jellies
  13 deep elf sorcerers
  4 draconian scorchers
  9 frost giants
  4 ghost moths
  2 draconian knights (Zot:5)
  A cacodemon (Depths:5)
  8 deep elf elementalists (Elf:3)
  5 draconian shifters
  An orc warlord (Vaults:5)
  3 curse skulls
  4 large abominations
  3 draconian stormcallers
  14 vault wardens
  2 caustic shrike zombies
  2 spriggan defenders (Depths:4)
  A reaper (IceCv)
  11 ghouls
  3 draconian annihilators
  13 green draconians
  17 ironheart preservers
  22 stone giants
  21 very ugly things
  4 war gargoyles
  17 deep elf demonologists
  7 vampire knights
  15 deep elf annihilators
  7 black draconians
  An entropy weaver (Vaults:4)
  3 purple draconians
  Azrael (Snake:2)
  10 spark wasps
  4 red draconians
  6 yellow draconians
  3 merfolk javelineers
  6 white draconians
  11 deep elf death magi
  8 eidola
  19 ettins
  An ettin (shapeshifter) (Vaults:4)
  14 death oozes
  10 merfolk impalers
  19 jiangshi
  10 mummy priests
  Erolcha (D:12)
  Josephine (D:12)
  19 great orbs of eyes
  3 deep elf high priests
  13 fire dragons
  20 naga warriors
  2 rakshasas
  27 yaktaur captains
  25 vault guards
  14 ice dragons
  A hell beast (Vaults:5)
  6 hydras
  A monstrous demonspawn (D:11)
  7 anacondas
  2 catoblepae
  5 spriggan air magi
  11 boulder beetles
  A death knight (Vaults:2)
  13 centaur warriors
  A satyr (Shoals:2)
  13 tengu warriors
  17 dancing weapons
  16 ogre magi
  8 death yaks
  5 merfolk avatars
  20 death scarabs
  7 vampire magi
  61 two-headed ogres
  8 merfolk aquamancers
  A titan zombie (WizLab)
  3 deep troll earth magi
  9 deep troll shamans
  A spriggan berserker (Depths:2)
  7 orc high priests
  A storm dragon zombie (Crypt:2)
  15 naga sharpshooters
  6 small abominations
  3 soul eaters
  11 hell knights
  14 deep elf knights
  8 shock serpents
  3 iron trolls (Depths:3)
  A sixfirhy (Depths:5)
  4 storm dragon skeletons
  7 sea snakes
  A shadow wraith (Vaults:2)
  26 deep trolls
  A bunyip zombie (Crypt:3)
  A sea snake (shapeshifter) (Depths:2)
  A death drake (shapeshifter) (Vaults:2)
  4 flayed ghosts
  A shadow demon (Zot:1)
  4 wizards
  12 naga ritualists
  A bog body (Crypt:1)
  A salamander mystic (Snake:1)
  A kraken simulacrum (Shoals:4)
  19 deep elf archers
  12 ironbrand convokers
  4 unseen horrors
  43 skeletal warriors
  An orange crystal statue (Zot:5)
  A swamp dragon (shapeshifter) (Vaults:2)
  5 glowing orange brains
  3 unseen horrors (shapeshifter)
  9 phantasmal warriors
  8 harpies
  12 necromancers
  An iron dragon zombie (Crypt:1)
  18 orc knights
  A harpy (shapeshifter) (Depths:2)
  A stone giant zombie (Crypt:2)
  52 deep elf magi
  4 cyclopes
  9 mana vipers
  6 orc sorcerers
  50 ugly things
  3 wolf spiders
  A salamander (shapeshifter) (Depths:2)
  10 moths of wrath
  95 slime creatures
  A fire giant zombie (Crypt:1)
  3 frost giant zombies
  8 manticores
  7 shining eyes
  A shadow dragon skeleton (Tomb:1)
  An eleionoma zombie (Crypt:3)
  A wolf spider (shapeshifter) (Vaults:4)
  8 salamanders
  16 fauns
  4 guardian serpents
  8 merfolk sirens
  A cyclops (shapeshifter) (Depths:2)
  4 elephants
  15 vault sentinels
  21 naga magi
  3 demonspawn zombies
  A centaur zombie (D:15)
  A rust devil (Depths:5)
  Joseph (D:7)
  A stone giant skeleton (Crypt:1)
  6 water nymphs
  2 fire giant skeletons
  Psyche (D:8)
  9 cane toads
  A torpor snail (shapeshifter) (Vaults:5)
  2 ice statues (IceCv)
  2 shock serpent skeletons
  43 black mambas
  3 molten gargoyles (Depths:3)
  9 eyes of devastation
  An eye of devastation (shapeshifter) (Elf:3)
  3 gargoyles
  A catoblepas zombie (WizLab)
  A titan simulacrum (Crypt:1)
  5 freezing wraiths
  2 rime drakes
  14 komodo dragons
  2 kobold demonologists
  2 hellions
  9 ice devils (IceCv)
  A komodo dragon (shapeshifter) (Vaults:4)
  A pale draconian skeleton (Crypt:3)
  2 yaktaurs (shapeshifter)
  A hellwing (Depths:5)
  A red devil (Depths:5)
  8 trolls
  75 yaktaurs
  20 guardian mummies
  3 tengu conjurers
  A jumping spider (shapeshifter) (Depths:2)
  A hornet (shapeshifter) (Vaults:5)
  6 polar bears
  Prince Ribbit (D:5)
  Grinder (D:3)
  12 wind drakes
  10 hornets
  3 meliai zombies
  29 merfolk
  A harpy skeleton (Crypt:2)
  8 snapping turtles
  A deep troll zombie (WizLab)
  A fire dragon zombie (Crypt:2)
  4 dream sheep (Shoals:3)
  31 blink frogs
  2 ettin skeletons
  An ice dragon zombie (Crypt:1)
  A spriggan zombie (Depths:1)
  3 ettin zombies
  A frost giant simulacrum (Crypt:1)
  Sigmund (D:4)
  14 spriggans
  A black mamba zombie (Crypt:2)
  8 air elementals
  2 spriggans (shapeshifter)
  19 water elementals
  13 flying skulls
  A redback (Vaults:4)
  2 tarantellas (shapeshifter)
  11 wraiths
  59 yaks
  A satyr skeleton (Crypt:1)
  7 ushabtiu
  8 wyverns
  3 steam dragons
  5 hogs (Elf:1)
  4 fire bats (D:12)
  A vampire (D:12)
  A neqoxec (Depths:5)
  6 basilisks
  17 golden eyes
  A black draconian simulacrum (Crypt:1)
  4 vampire mosquitoes
  10 fire elementals
  A human simulacrum (Vaults:1)
  5 chaos spawn (Depths:4)
  83 nagas
  Edmund (D:5)
  2 wargs
  An acid dragon (Vaults:2)
  A cane toad zombie (Crypt:2)
  A gelid demonspawn zombie (Crypt:3)
  4 hell hounds
  3 floating eyes
  10 water moccasins
  2 hornet zombies
  A torturous demonspawn skeleton (Crypt:3)
  2 black bears (shapeshifter) (Depths:2)
  55 orc warriors
  A sky beast (D:11)
  4 ice beasts
  3 black bears
  A cane toad skeleton (Crypt:2)
  7 necrophages
  13 eyes of draining
  2 eyes of draining (shapeshifter)
  A centaur (shapeshifter) (Vaults:5)
  A tengu (Depths:4)
  40 ogres
  3 phantoms
  A wolf (shapeshifter) (Vaults:5)
  35 wolves
  30 centaurs
  A swamp dragon skeleton (Crypt:2)
  9 boggarts
  A blink frog skeleton (Crypt:1)
  An orc skeleton (Vaults:1)
  An elf zombie (Tomb:1)
  A human zombie (Vaults:1)
  2 yaktaur zombies
  A big kobold (D:12)
  A big kobold (shapeshifter) (Depths:2)
  Blork the orc (D:5)
  24 bullfrogs
  A wyvern zombie (D:14)
  A cyclops zombie (Crypt:1)
  5 earth elementals
  2 gnoll sergeants
  An ogre simulacrum (Vaults:1)
  A wyvern skeleton (D:10)
  6 scorpions
  A tengu zombie (WizLab)
  7 killer bees
  23 wights
  A yak zombie (Crypt:2)
  5 electric eels
  7 howler monkeys
  2 lava snakes (D:12)
  4 jellies
  2 bullfrog zombies
  A basilisk zombie (Crypt:2)
  8 hounds
  A bullfrog skeleton (D:9)
  44 orc priests
  32 orc wizards
  4 centaur skeletons
  11 iguanas
  Ijyb (D:3)
  9 worker ants
  4 hell rats
  A troll simulacrum (Crypt:1)
  A killer bee zombie (D:10)
  A dwarf zombie (Crypt:1)
  A naga zombie (Crypt:1)
  A demigod skeleton (Crypt:1)
  A hound skeleton (D:7)
  46 mummies
  5 worker ant zombies
  18 gnolls
  2 howler monkey skeletons
  12 adders
  5 shadow imps
  8 white imps
  6 ufetubi
  2 oozes (D:2)
  An ooze (shapeshifter) (Vaults:5)
  A worm zombie (Crypt:2)
  An adder skeleton (D:9)
  An adder zombie (D:9)
  A halfling skeleton (Crypt:2)
  3 worms
  3 dart slugs
  9 leopard geckos
  115 orcs
  2 ball pythons
  10 bats
  5 giant cockroaches
  12 goblins
  15 hobgoblins
  22 jackals
  16 kobolds
  3 quokkas
  A ball python skeleton (Crypt:2)
  A dart slug zombie (Crypt:3)
  5 frilled lizards
  A jackal skeleton (D:7)
  A kobold skeleton (Crypt:1)
  8 rats
  A rat skeleton (Crypt:2)
  A river rat zombie (Crypt:1)
  4 crawling corpses (Elf:3)
  5 fire vortices
  A tentacle (Shoals:3)
2992 creatures vanquished.

Vanquished Creatures (others)
  A tengu reaver (Vaults:4)
  2 mummy priests (Tomb:2)
  An ogre mage (Depths:2)
  A vampire mage (Depths:1)
  A frost giant zombie (Tomb:2)
  An ugly thing (Depths:1)
  An orange demon (Zot:1)
  A fire giant skeleton (Tomb:2)
  A guardian mummy (Tomb:2)
  An air elemental (Elf:3)
  2 humans (Elf:1)
  A chaos spawn (Zot:5)
  A naga (Snake:4)
  An ogre (Vaults:2)
  A wolf (Lair:6)
  3 white imps (IceCv)
  6 ufetubi (IceCv)
  An orc (Vaults:2)
  A fire vortex (D:12)
  70 fungi
  119 plants
  16 tentacles
  2 withered plants (Vaults:3)
235 creatures vanquished.

Grand Total: 3227 creatures vanquished

Notes
Turn   | Place    | Note
-------+----------+-------------------------------------------
     0 | D:1      | Reached skill level 10 in Fighting
     0 | D:1      | ZZKoverts the Gnoll Wanderer began the quest for the Orb.
     0 | D:1      | ZZKoverts set off with the following items: a +2 hand axe,
                  | a +0 mace, a potion of curing {@q1}, a +0 robe
     0 | D:1      | Reached XP level 1. HP: 28/28 MP: 1/1
   128 | D:1      | Reached XP level 2. HP: 36/36 MP: 2/2
   468 | D:1      | Reached XP level 3. HP: 36/42 MP: 3/3
   626 | D:1      | Reached skill level 1 in Invocations
  1007 | D:2      | Reached skill level 1 in Short Blades
  1007 | D:2      | Reached skill level 1 in Long Blades
  1007 | D:2      | Reached skill level 1 in Maces & Flails
  1007 | D:2      | Reached skill level 1 in Polearms
  1007 | D:2      | Reached skill level 1 in Staves
  1007 | D:2      | Reached skill level 1 in Slings
  1007 | D:2      | Reached skill level 1 in Bows
  1007 | D:2      | Reached skill level 1 in Crossbows
  1007 | D:2      | Reached skill level 1 in Throwing
  1007 | D:2      | Reached skill level 1 in Dodging
  1007 | D:2      | Reached skill level 1 in Shields
  1007 | D:2      | Reached skill level 1 in Unarmed Combat
  1007 | D:2      | Reached skill level 1 in Spellcasting
  1031 | D:2      | Reached XP level 4. HP: 45/48 MP: 5/5
  1415 | D:2      | Found a broken altar of Ashenzari.
  1450 | D:2      | Reached skill level 1 in Conjurations
  1450 | D:2      | Reached skill level 1 in Hexes
  1450 | D:2      | Reached skill level 1 in Summonings
  1450 | D:2      | Reached skill level 1 in Necromancy
  1450 | D:2      | Reached skill level 1 in Translocations
  1450 | D:2      | Reached skill level 1 in Transmutations
  1450 | D:2      | Reached skill level 1 in Fire Magic
  1450 | D:2      | Reached skill level 1 in Ice Magic
  1450 | D:2      | Reached skill level 1 in Air Magic
  1450 | D:2      | Reached skill level 1 in Earth Magic
  1450 | D:2      | Reached skill level 1 in Poison Magic
  1699 | D:2      | Reached XP level 5. HP: 35/54 MP: 5/7
  2776 | D:3      | Noticed Ijyb
  2786 | D:3      | Killed Ijyb
  2790 | D:3      | Noticed Grinder
  2825 | D:3      | Paralysed by Grinder for 2 turns
  2834 | D:3      | Paralysed by Grinder for 4 turns
  2844 | D:3      | HP: 1/54 [Grinder/nerve-wracking pain (12)]
  2847 | D:3      | Killed Grinder
  2848 | D:3      | Reached skill level 5 in Armour
  2848 | D:3      | Reached XP level 6. HP: 2/61 MP: 7/9
  3406 | D:3      | Reached XP level 7. HP: 63/67 MP: 10/10
  3628 | D:4      | Noticed Sigmund
  3818 | D:4      | Killed Sigmund
  4005 | D:2      | Became a worshipper of Ashenzari the Shackled
  4656 | D:5      | Entered Level 5 of the Dungeon
  4662 | D:5      | Noticed Prince Ribbit
  4674 | D:5      | Killed Prince Ribbit
  4675 | D:5      | Reached XP level 8. HP: 42/74 MP: 12/12
  4828 | D:5      | Reached * piety under Ashenzari
  4857 | D:5      | Noticed Edmund
  4881 | D:5      | Killed Edmund
  4938 | D:5      | Noticed Blork the orc
  4945 | D:5      | Killed Blork the orc
  6151 | D:6      | Reached XP level 9. HP: 59/81 MP: 14/14
  6373 | D:7      | Found Gyemnyal's Gadget Emporium.
  6586 | D:7      | Reached ** piety under Ashenzari
  6694 | D:7      | Found Weprar's Distillery.
  6706 | D:7      | Gained mutation: You are partially covered in thin metallic
                  | scales. (AC +2) [potion of mutation]
  6706 | D:7      | Gained mutation: You expend magic power (3 MP) to
                  | strengthen your wands. [potion of mutation]
  6706 | D:7      | Gained mutation: You are partially covered in iridescent
                  | scales. (AC +2) [potion of mutation]
  7045 | D:7      | Found Naufor's Book Boutique.
  7060 | D:7      | Noticed Joseph
  7062 | D:7      | Found Axkepuob's Jewellery Shop.
  7084 | D:7      | Killed Joseph
  7085 | D:7      | Reached skill level 5 in Axes
  7085 | D:7      | Reached skill level 5 in Stealth
  7085 | D:7      | Reached skill level 5 in Evocations
  7259 | D:7      | Found Nugetz's Weapon Boutique.
  7528 | D:7      | Found a staircase to the Ecumenical Temple.
  7788 | D:8      | Reached skill level 5 in Invocations
  8273 | D:8      | Noticed Psyche
  8283 | D:8      | Killed Psyche
  8284 | D:8      | Reached XP level 10. HP: 77/88 MP: 17/17
  8625 | D:8      | Found a large runed translucent door.
  8626 | D:8      | Found a large runed translucent door.
  8628 | D:8      | Noticed arta456's ghost (novice DECj)
  8737 | D:9      | Reached skill level 5 in Short Blades
  8737 | D:9      | Reached skill level 5 in Long Blades
  8737 | D:9      | Reached skill level 5 in Maces & Flails
  8737 | D:9      | Reached skill level 5 in Polearms
  8737 | D:9      | Reached skill level 5 in Staves
  8737 | D:9      | Reached skill level 5 in Slings
  8737 | D:9      | Reached skill level 5 in Bows
  8737 | D:9      | Reached skill level 5 in Crossbows
  8737 | D:9      | Reached skill level 5 in Throwing
  8737 | D:9      | Reached skill level 5 in Dodging
  8737 | D:9      | Reached skill level 5 in Shields
  8737 | D:9      | Reached skill level 5 in Unarmed Combat
  8737 | D:9      | Reached skill level 5 in Spellcasting
  8932 | D:9      | Found Vilavuost's Magic Scroll Boutique.
  9005 | D:9      | Identified Zereuces's Tome of Fetching Confrontation
  9750 | D:9      | Noticed a two-headed ogre
  9772 | D:9      | Killed a two-headed ogre
 10121 | D:10     | Entered Level 10 of the Dungeon
 10160 | D:10     | Reached XP level 11. HP: 95/95 MP: 19/19
 10477 | D:10     | Reached skill level 5 in Conjurations
 10477 | D:10     | Reached skill level 5 in Hexes
 10477 | D:10     | Reached skill level 5 in Summonings
 10477 | D:10     | Reached skill level 5 in Necromancy
 10477 | D:10     | Reached skill level 5 in Translocations
 10477 | D:10     | Reached skill level 5 in Transmutations
 10477 | D:10     | Reached skill level 5 in Fire Magic
 10477 | D:10     | Reached skill level 5 in Ice Magic
 10477 | D:10     | Reached skill level 5 in Air Magic
 10477 | D:10     | Reached skill level 5 in Earth Magic
 10477 | D:10     | Reached skill level 5 in Poison Magic
 11073 | D:10     | Reached *** piety under Ashenzari
 11794 | D:11     | Noticed a six-headed hydra
 11827 | D:11     | Killed a 19-headed hydra
 12262 | D:11     | Noticed a four-headed hydra
 12269 | D:11     | Killed a five-headed hydra
 12571 | D:11     | Found a staircase to the Lair.
 13279 | D:11     | Identified the +8 hand axe of Vanity {freeze, rC++ SInv}
 13466 | D:12     | Noticed a cyan ugly thing
 13474 | D:12     | Noticed a boulder beetle
 13817 | Lair:1   | Entered Level 1 of the Lair of Beasts
 13854 | Lair:1   | Reached XP level 12. HP: 88/102 MP: 22/22
 15220 | Lair:1   | Reached **** piety under Ashenzari
 15700 | Lair:2   | Found a runed translucent gate.
 15700 | Lair:2   | Found a runed translucent gate.
 15700 | Lair:2   | Found a runed translucent gate.
 15988 | D:7      | Bought the ring "Rimoim" {rElec rPois rF+ MP+9 Dex+4} for
                  | 750 gold pieces
 16232 | Lair:2   | Noticed a catoblepas
 16257 | Lair:2   | Killed a catoblepas
 16560 | Lair:2   | Found a staircase to the Shoals.
 16599 | Lair:2   | Noticed a five-headed hydra
 16606 | Lair:2   | Killed a five-headed hydra
 17001 | Lair:2   | Noticed a seven-headed hydra
 17010 | Lair:2   | Killed a seven-headed hydra
 17290 | Lair:2   | Noticed raph's ghost (journeyman MfGl)
 17718 | Lair:3   | Reached XP level 13. HP: 109/109 MP: 24/24
 18083 | Lair:3   | Found an opulent altar of Gozag.
 19374 | Lair:4   | Reached ***** piety under Ashenzari
 20547 | Lair:4   | Found a staircase to the Snake Pit.
 21844 | Lair:6   | Entered Level 6 of the Lair of Beasts
 22233 | Lair:6   | Found a staircase to the Slime Pits.
 22274 | Lair:6   | Reached XP level 14. HP: 93/118 MP: 26/26
 22406 | Lair:6   | Reached skill level 10 in Armour
 22804 | Lair:6   | Identified the ring "Puuceas" {rF+ Str+6 Dex+7}
 23902 | Lair:6   | Reached skill level 10 in Invocations
 24198 | Lair:6   | Paralysed by a hornet for 3 turns
 25803 | D:12     | Noticed Erolcha
 25804 | D:12     | Found the amulet of the Four Winds {rN+ Will+++ Clar}
 25809 | D:12     | Killed Erolcha
 26371 | D:12     | Found a staircase to the Orcish Mines.
 26519 | D:13     | Reached skill level 10 in Axes
 26519 | D:13     | Reached skill level 10 in Evocations
 26872 | D:13     | Reached skill level 10 in Stealth
 26872 | D:13     | Reached XP level 15. HP: 75/124 MP: 28/28
 27130 | D:13     | Found a gate to the Vaults.
 27158 | D:13     | Found a flagged portal.
 27169 | Bailey   | Entered a bailey
 27206 | Bailey   | Found the amulet of the Air {Inacc +Fly rElec EV+5 RMsl}
 27213 | Bailey   | Found a burning altar of Makhleb.
 27802 | D:13     | Reached skill level 10 in Short Blades
 27802 | D:13     | Reached skill level 10 in Long Blades
 27802 | D:13     | Reached skill level 10 in Maces & Flails
 27802 | D:13     | Reached skill level 10 in Polearms
 27802 | D:13     | Reached skill level 10 in Staves
 27802 | D:13     | Reached skill level 10 in Slings
 27802 | D:13     | Reached skill level 10 in Bows
 27802 | D:13     | Reached skill level 10 in Crossbows
 27802 | D:13     | Reached skill level 10 in Throwing
 27802 | D:13     | Reached skill level 10 in Dodging
 27802 | D:13     | Reached skill level 10 in Shields
 27802 | D:13     | Reached skill level 10 in Unarmed Combat
 27802 | D:13     | Reached skill level 10 in Spellcasting
 28786 | D:14     | Found a frozen archway.
 28797 | IceCv    | Entered an ice cave
 29519 | IceCv    | Identified the +1 hand axe of Pyllott {flame, rElec SInv}
 30709 | D:15     | Entered Level 15 of the Dungeon
 30838 | D:15     | Found Uheq's Antique Weapon Boutique.
 31107 | D:15     | Found a staircase to the Depths.
 31152 | D:15     | Found Uloog's Armour Shop.
 31481 | D:15     | Found Voonevur's Weapon Boutique.
 32294 | Orc:1    | Entered Level 1 of the Orcish Mines
 32294 | Orc:1    | Found a roughly hewn altar of Beogh.
 32294 | Orc:1    | Noticed Josephine
 32308 | D:12     | Killed Josephine
 32358 | D:12     | HP: 5/125 [ettin/+0 dire flail (26)]
 32834 | D:12     | Reached XP level 16. HP: 89/133 MP: 30/30
 33210 | Orc:1    | Noticed Gastronok
 33223 | Orc:1    | Killed Gastronok
 33449 | Orc:1    | Found a transporter.
 33455 | Orc:1    | Found the +1 cloak of Starlight {*Dazzle EV+4 Stlth--}
 33457 | Orc:1    | Found a roughly hewn altar of Beogh.
 33457 | Orc:1    | Found a transporter.
 33625 | Orc:2    | Entered Level 2 of the Orcish Mines
 33625 | Orc:2    | Found a burning altar of Makhleb.
 34341 | Orc:2    | Found a staircase to the Elven Halls.
 34537 | Orc:2    | Found a shimmering altar of Xom.
 36138 | Orc:2    | Found Koijauro's Distillery.
 36138 | Orc:2    | Found Cefoq's Distillery.
 36139 | Orc:2    | Found Xoegoe's Gadget Shoppe.
 36139 | Orc:2    | Found Qufasuar's Book Emporium.
 36146 | Orc:2    | Bought a potion of heal wounds for 65 gold pieces
 36146 | Orc:2    | Bought a potion of heal wounds for 65 gold pieces
 36146 | Orc:2    | Bought a potion of heal wounds for 65 gold pieces
 36156 | Orc:2    | Bought a potion of heal wounds for 60 gold pieces
 36156 | Orc:2    | Bought a potion of heal wounds for 60 gold pieces
 36206 | Orc:2    | Bought a wand of acid (7) for 330 gold pieces
 36946 | Orc:1    | Reached XP level 17. HP: 140/140 MP: 31/31
 37510 | Snake:1  | Entered Level 1 of the Snake Pit
 38739 | Snake:2  | Noticed Azrael
 38757 | Snake:2  | Killed Azrael
 39383 | Snake:2  | Reached XP level 18. HP: 140/147 MP: 33/33
 39503 | Snake:2  | Reached ****** piety under Ashenzari
 41157 | Snake:3  | Reached skill level 10 in Conjurations
 41157 | Snake:3  | Reached skill level 10 in Hexes
 41157 | Snake:3  | Reached skill level 10 in Summonings
 41157 | Snake:3  | Reached skill level 10 in Necromancy
 41157 | Snake:3  | Reached skill level 10 in Translocations
 41157 | Snake:3  | Reached skill level 10 in Transmutations
 41157 | Snake:3  | Reached skill level 10 in Fire Magic
 41157 | Snake:3  | Reached skill level 10 in Ice Magic
 41157 | Snake:3  | Reached skill level 10 in Air Magic
 41157 | Snake:3  | Reached skill level 10 in Earth Magic
 41157 | Snake:3  | Reached skill level 10 in Poison Magic
 41421 | Snake:4  | Entered Level 4 of the Snake Pit
 41827 | Snake:4  | Reached skill level 15 in Fighting
 41965 | Snake:4  | Found a transporter.
 42000 | Snake:4  | Identified the +0 helmet of Tualosox {Will+ Dex+5 Stlth-}
 42117 | Snake:4  | Found a transporter.
 43367 | Snake:4  | Reached XP level 19. HP: 130/155 MP: 35/35
 43604 | Snake:4  | Got a serpentine rune of Zot
 45273 | Snake:4  | Noticed ZZKoverts's ghost (adept SpHu)
 45420 | Shoals:1 | Entered Level 1 of the Shoals
 46988 | Shoals:2 | Got the cursed leather armour of Grot {rF+ Int+8}
 47902 | Shoals:3 | Noticed Donald
 47930 | Shoals:3 | HP: 5/157 [Donald/+0 eveningstar of holy wrath (44)]
 48380 | Shoals:3 | Killed Donald
 49169 | Shoals:3 | Reached XP level 20. HP: 98/164 MP: 36/36
 49169 | Shoals:3 | Noticed Ilsuiw
 49201 | Shoals:3 | Killed Ilsuiw
 49643 | Shoals:4 | Entered Level 4 of the Shoals
 49657 | Shoals:4 | Noticed Polyphemus
 49695 | Shoals:4 | Killed Polyphemus
 51417 | Shoals:4 | Got a barnacled rune of Zot
 51934 | Elf:1    | Entered Level 1 of the Elven Halls
 52077 | Elf:1    | Noticed Agnes
 52078 | Elf:1    | Found Haecweja's Weapon Emporium.
 52087 | Elf:1    | Killed Agnes
 52233 | Elf:1    | Noticed SushiGirl's ghost (journeyman DECj)
 52242 | Elf:1    | Found a runed translucent gate.
 52242 | Elf:1    | Found a runed translucent gate.
 52244 | Elf:1    | Found a runed translucent gate.
 52332 | Elf:1    | Noticed Kirke
 52346 | Elf:1    | Killed Kirke
 52828 | Elf:1    | Identified the Incunabulum of Creation
 53297 | Elf:2    | Found Siowavuc's Weapon Shop.
 53714 | Elf:2    | Found Lenips's Antique Weapon Shoppe.
 53715 | Elf:2    | Found Canov's Antique Weapon Shop.
 53840 | Elf:2    | Found Ashruetio's Assorted Antiques.
 53887 | Elf:2    | Found an ancient bone altar of Kikubaaqudgha.
 54186 | Elf:2    | Found a runed translucent gate.
 54186 | Elf:2    | Found a runed translucent gate.
 54186 | Elf:2    | Found a runed translucent gate.
 54346 | Elf:3    | Entered Level 3 of the Elven Halls
 54346 | Elf:3    | Noticed Bai Suzhen
 54362 | Elf:3    | Killed Bai Suzhen
 54363 | Elf:3    | Reached XP level 21. HP: 161/171 MP: 38/38
 56199 | Elf:3    | Identified the +4 dagger "Dercheani" {venom, +Fly Int+4}
 57056 | Elf:3    | Identified a scroll of acquirement
 57061 | Elf:3    | Acquired a book of the Sky
 57126 | Elf:3    | Identified the +7 fustibalus "Uzxerism" {freeze, rElec
                  | Str-2 Int+2}
 57141 | Elf:3    | Identified the +10 longbow "Leviticus" {freeze, Str+3}
 57142 | Elf:3    | Found the -2 hat of the Alchemist {rElec rPois rF+ rC+ rN+
                  | Will+ rMut rCorr}
 57300 | Elf:3    | Found the ring of the Tortoise {AC+8}
 57313 | Elf:3    | Identified the ring of Biluut {Int+6 Dex+3 Slay-4 SInv}
 57333 | Elf:3    | Got the uncursed plate armour of Kofyed {rPois Regen+ Str+4
                  | Dex+3}
 57710 | Vaults:1 | Entered Level 1 of the Vaults
 57837 | Vaults:1 | Reached skill level 15 in Invocations
 58827 | Vaults:1 | Reached XP level 22. HP: 180/180 MP: 40/40
 59549 | Vaults:2 | Identified the Guide on Transmutation and the Rocks
 60676 | Vaults:2 | Reached skill level 15 in Armour
 61133 | Vaults:2 | Found a staircase to the Crypt.
 61503 | Vaults:2 | Identified the +2 plate armour of Kofyed {rPois Regen+
                  | Str+4 Dex+3} (You found it on level 3 of the Elven Halls)
 61532 | Vaults:2 | Reached XP level 23. HP: 188/188 MP: 41/41
 62635 | Vaults:3 | Reached skill level 15 in Axes
 62635 | Vaults:3 | Reached skill level 15 in Evocations
 62914 | Vaults:3 | Reached skill level 15 in Stealth
 63049 | Vaults:3 | Found a runed translucent door.
 63049 | Vaults:3 | Noticed nightchill's ghost (adept TrFi)
 63222 | Vaults:3 | Found Foseufoso's Assorted Antiques.
 63870 | Vaults:4 | Reached skill level 15 in Short Blades
 63870 | Vaults:4 | Reached skill level 15 in Long Blades
 63870 | Vaults:4 | Reached skill level 15 in Maces & Flails
 63870 | Vaults:4 | Reached skill level 15 in Polearms
 63870 | Vaults:4 | Reached skill level 15 in Staves
 63870 | Vaults:4 | Reached skill level 15 in Slings
 63870 | Vaults:4 | Reached skill level 15 in Bows
 63870 | Vaults:4 | Reached skill level 15 in Crossbows
 63870 | Vaults:4 | Reached skill level 15 in Throwing
 63870 | Vaults:4 | Reached skill level 15 in Dodging
 63870 | Vaults:4 | Reached skill level 15 in Shields
 63870 | Vaults:4 | Reached skill level 15 in Unarmed Combat
 63870 | Vaults:4 | Reached skill level 15 in Spellcasting
 64306 | Vaults:4 | Learned a level 2 spell: Passwall
 65201 | Vaults:5 | Entered Level 5 of the Vaults
 65203 | Vaults:5 | Noticed Mennas
 65492 | Vaults:4 | Reached XP level 24. HP: 168/197 MP: 42/42
 65868 | Vaults:4 | Killed Mennas
 66743 | Vaults:5 | Noticed Mara
 66775 | Vaults:5 | Noticed ZZKoverts's illusion
 66791 | Vaults:5 | Killed Mara
 67439 | Vaults:5 | Identified the cursed +0 scimitar of Fedhas's Fury {vorpal,
                  | Int+3 Dex-4}
 67492 | Vaults:5 | Noticed an ancient lich
 67513 | Vaults:5 | Killed an ancient lich
 67750 | Vaults:5 | Reached XP level 25. HP: 177/204 MP: 42/42
 68391 | Vaults:5 | Noticed Jory
 68439 | Vaults:5 | Killed Jory
 68719 | Vaults:5 | Found Xoxawy's Magic Scroll Shoppe.
 68825 | Vaults:5 | Noticed an ancient lich
 68840 | Vaults:5 | Killed an ancient lich
 69254 | Vaults:5 | Identified the amulet "Boiwol" {RegenMP +Inv rN+}
 69364 | Vaults:5 | Identified the amulet "Osud" {Inacc rPois}
 69435 | Vaults:5 | Identified Ruivolid's Incunabulum of Virous Transmigration
 69720 | Vaults:5 | Identified the +3 war axe of Honour {speed, Str+4}
 69929 | Vaults:5 | Identified the ring "Yrchoraun" {Will++ Stlth-}
 69992 | Vaults:5 | Learned a level 4 spell: Passage of Golubria
 69994 | Vaults:5 | Identified the amulet of Suspicion {Reflect Str+4 SH+5}
 70019 | Vaults:5 | Identified the +1 pair of gloves "Qyrirch" {-Cast -Tele
                  | Rampage Will+++} (You found it on level 5 of the Vaults)
 70038 | Vaults:5 | Got a silver rune of Zot
 70048 | Vaults:5 | Identified the Tome of Envenoming and Summoning
 70765 | Slime:1  | Entered Level 1 of the Pits of Slime
 72300 | Slime:3  | Gained mutation: You occasionally shout uncontrollably at
                  | your foes. [a shining eye]
 72325 | Slime:3  | Reached XP level 26. HP: 200/213 MP: 41/43
 73351 | Slime:5  | Entered Level 5 of the Pits of Slime
 73714 | Slime:5  | Found a viscous altar of Jiyva.
 73715 | Slime:5  | Noticed the Royal Jelly
 73716 | Slime:5  | Identified the ring of Riracw {rF+ rC+ MP+9 Str+2 SInv}
 74385 | Slime:5  | Killed the Royal Jelly
 75798 | Slime:5  | Identified the +5 quarterstaff of the Magi {flame, rPois
                  | rF+ Will+ Str+4}
 75802 | Slime:5  | Identified the +3 long sword "Oddack" {vorpal, Int+3}
 75802 | Slime:5  | Identified the +1 cloak of Limimaoj {+Fly Str+3}
 75802 | Slime:5  | Identified the +5 falchion of Grontol {drain, Str+2 SInv}
 75820 | Slime:5  | Got a slimy rune of Zot
 75824 | Slime:5  | Identified the cursed +1 scythe of Responsibility {spect,
                  | rPois rF- Str+2 Int+4}
 75867 | Slime:5  | Identified Bezoff's Disquisition on Earth and Fire
 77070 | Depths:1 | Entered Level 1 of the Depths
 77437 | Depths:1 | Found a gateway to a ziggurat.
 77594 | Depths:1 | Paralysed by a floating eye for 2 turns
 77816 | Depths:1 | Found a gateway to Hell.
 78213 | Depths:2 | Noticed a juggernaut
 78237 | Depths:2 | Killed a juggernaut
 78309 | Depths:2 | Identified the amulet "Syplyg" {Faith +Fly rC++ MP-9 Dex+4}
 78329 | Depths:2 | Reached XP level 27. HP: 149/221 MP: 44/44
 78329 | Depths:2 | Paralysed by a floating eye for 2 turns
 78338 | Depths:2 | Paralysed by a floating eye for 4 turns
 78800 | Depths:2 | Found an iron altar of Okawaru.
 78992 | Depths:2 | Found a bloodstained altar of Trog.
 78994 | Depths:2 | Found a hazy altar of Hepliaklqana.
 79003 | Depths:2 | Found a shimmering blue altar of Sif Muna.
 79655 | Depths:2 | Reached skill level 15 in Summonings
 80310 | Depths:3 | Found a one-way gate leading to the halls of Pandemonium.
 80371 | Depths:3 | Reached skill level 15 in Conjurations
 80371 | Depths:3 | Reached skill level 15 in Hexes
 80371 | Depths:3 | Reached skill level 15 in Necromancy
 80371 | Depths:3 | Reached skill level 15 in Translocations
 80371 | Depths:3 | Reached skill level 15 in Transmutations
 80371 | Depths:3 | Reached skill level 15 in Fire Magic
 80371 | Depths:3 | Reached skill level 15 in Ice Magic
 80371 | Depths:3 | Reached skill level 15 in Air Magic
 80371 | Depths:3 | Reached skill level 15 in Earth Magic
 80371 | Depths:3 | Reached skill level 15 in Poison Magic
 80379 | Depths:3 | Identified the Disquisition on the Glacier
 80382 | Depths:3 | Identified the Almanac of Cold
 80995 | Depths:4 | Got the cursed plate armour of Zeciumm {Will+ Int+3}
 81029 | Depths:4 | Identified the +8 quarterstaff "Worm" {vorpal, rC+ Will+
                  | Int+4}
 81939 | Depths:4 | Noticed a juggernaut
 81955 | Depths:4 | Killed a juggernaut
 82249 | Depths:4 | Found a one-way gate to the infinite horrors of the Abyss.
 82537 | Depths:5 | Entered Level 5 of the Depths
 82546 | Depths:5 | Noticed Margery
 82836 | Depths:4 | Killed Margery
 83317 | Depths:5 | Found a gate to the Realm of Zot.
 83778 | Depths:5 | Found Leivucl Nete's Assorted Antiques.
 84415 | Crypt:1  | Entered Level 1 of the Crypt
 86018 | Crypt:2  | Found a magical portal.
 86044 | WizLab   | Entered Doroklohe's Tomb
 86084 | WizLab   | Noticed an ancient lich
 86099 | WizLab   | Killed an ancient lich
 87902 | Crypt:3  | Entered Level 3 of the Crypt
 88868 | Crypt:3  | Identified the ring "Utonuo" {+Blink rF+ rN+ Int+6}
 88869 | Crypt:3  | Identified the ring of Circularity {rN+ Str+3}
 88869 | Crypt:3  | Identified the ring of Ahebrof {rElec rN+}
 88869 | Crypt:3  | Identified the ring "Idulaf" {rC+ rN+}
 89009 | Crypt:3  | Found a staircase to the Tomb.
 89546 | Crypt:3  | Noticed an ancient lich
 89552 | Crypt:3  | Identified the Reference Book on Necromancy
 89579 | Crypt:3  | Killed an ancient lich
 89826 | Crypt:3  | Got the quarterstaff of Extremism {vorpal, rC+}
 90015 | Tomb:1   | Entered Level 1 of the Tomb of the Ancients
 90710 | Tomb:1   | Noticed a royal mummy
 90729 | Tomb:1   | Killed a royal mummy
 90990 | Tomb:1   | Noticed a royal mummy
 91000 | Tomb:1   | Killed a royal mummy
 91534 | Tomb:1   | Identified the amulet "Kom Ypom" {Reflect MP+9 Slay+3 SH+5}
 91590 | Tomb:2   | Noticed a royal mummy
 91590 | Tomb:2   | Noticed a royal mummy
 91590 | Tomb:2   | Noticed a royal mummy
 91590 | Tomb:2   | Noticed a royal mummy
 91616 | Tomb:2   | Killed a royal mummy
 91625 | Tomb:2   | Killed a royal mummy
 91632 | Tomb:2   | Killed a royal mummy
 91893 | Tomb:2   | Killed a royal mummy
 92746 | Tomb:1   | Noticed a royal mummy
 92746 | Tomb:1   | Noticed a royal mummy
 92746 | Tomb:1   | Noticed a royal mummy
 92746 | Tomb:1   | Noticed a royal mummy
 92748 | Tomb:1   | Noticed a royal mummy
 93211 | Tomb:1   | Noticed a royal mummy
 93214 | Tomb:1   | Noticed a royal mummy
 93226 | Tomb:1   | Killed a royal mummy
 93744 | Tomb:1   | Noticed a royal mummy
 93748 | Tomb:1   | Killed a royal mummy
 93756 | Tomb:1   | Killed a royal mummy
 93757 | Tomb:1   | Noticed a royal mummy
 93769 | Tomb:1   | Killed a royal mummy
 94313 | Tomb:1   | Noticed a royal mummy
 94313 | Tomb:1   | Noticed a royal mummy
 94313 | Tomb:1   | Noticed a royal mummy
 94321 | Tomb:1   | Killed a royal mummy
 94322 | Tomb:1   | Noticed a royal mummy
 94332 | Tomb:1   | Killed a royal mummy
 94338 | Tomb:1   | Noticed a royal mummy
 94339 | Tomb:1   | Noticed a royal mummy
 94339 | Tomb:1   | Noticed a royal mummy
 94339 | Tomb:1   | HP: 3/226 [royal mummy/divine providence (16)]
 95177 | Zot:1    | Entered Level 1 of the Realm of Zot
 95203 | Zot:2    | Identified the +7 quarterstaff of Extremism {vorpal, rC+}
                  | (You found it on level 3 of the Crypt)
 95773 | Zot:2    | Identified the cursed +1 hand crossbow of the Eggplant
                  | {freeze, Stlth+}
 96894 | Zot:5    | Entered Level 5 of the Realm of Zot
 97182 | Zot:5    | Found a runed translucent gate.
 97183 | Zot:5    | Found a runed translucent gate.
 97185 | Zot:5    | Found a runed translucent gate.
 97186 | Zot:5    | Noticed an orb of fire
 97197 | Zot:5    | Noticed Wiorrypn's ghost (legendary DsFi)
 97198 | Zot:5    | Identified the ring "Leucrum" {rCorr Str-2 Int+7 Slay+2}
 97459 | Zot:5    | Noticed an ancient lich
 97470 | Zot:5    | Killed an ancient lich
 97507 | Zot:5    | Noticed an orb of fire
 97541 | Zot:5    | Killed an orb of fire
 98254 | Zot:5    | Noticed an orb of fire
 98257 | Zot:5    | Noticed an orb of fire
 98262 | Zot:5    | Noticed an ancient lich
 98262 | Zot:5    | Noticed an orb of fire
 98741 | Zot:5    | Noticed an ancient lich
 98758 | Zot:5    | Killed an ancient lich
 98776 | Zot:5    | Killed an ancient lich
 98986 | Zot:5    | Gained mutation: Potions are less effective at restoring
                  | your health. [an orb of fire]
 98991 | Zot:5    | Killed an orb of fire
 99191 | Zot:5    | Gained mutation: You are surrounded by a mild repulsion
                  | field. (EV +2) [an orb of fire]
 99219 | Zot:5    | Killed an orb of fire
 99239 | Zot:5    | Gained mutation: You have a pair of small horns on your
                  | head. [an orb of fire]
 99241 | Zot:5    | Killed an orb of fire
 99713 | Zot:5    | Got the Orb of Zot
 99727 | Zot:5    | Noticed Seniommijua the pandemonium lord
 99904 | Zot:1    | Noticed Bashru Ecosch the pandemonium lord
 99936 | Zot:1    | Killed Bashru Ecosch the pandemonium lord
100707 | D:$      | Escaped with the Orb!

Illustrated notes

Levels and vault maps discovered:
D:1:      dpeg_arrival_solitude, layout_basic
D:2:      layout_loops_ring, nicolae_ashenzari_panopticon, serial_rivers,
          chequers_serial_rivers_small_3, chequers_serial_rivers_small_b,
          chequers_serial_rivers_small_3, chequers_serial_rivers_room_b,
          chequers_serial_rivers_micro_c
D:3:      layout_loops_cross, uniq_grinder, uniq_ijyb
D:4:      layout_gridville, uniq_sigmund
D:5:      layout_loops_cross, uniq_edmund, uniq_blork_the_orc,
          uniq_prince_ribbit1
D:6:      layout_rooms, roderic_serpentine_path,
          hangedman_abyss_or_decor_lesser_grid, chequers_serial_rivers_marsh
D:7:      layout_loops_corners, temple_hall, serial_shops,
          nicolae_shop_behind_doors, shop,
          nicolae_shop_temple_entry_statues_fountains, kennysheep_mini,
          shop_fountains, uniq_joseph
D:8:      layout_basic, ebering_ghost_disaster_area, minmay_quadrilaterals,
          uniq_psyche
D:9:      layout_roguey, serial_shops, nicolae_shop_stone
D:10:     layout_irregular_city, hangedman_decor_push
D:11:     layout_irregular_city, erik_lair_dragon
D:12:     layout_rooms, david_orc_4, hangedman_incinerator, uniq_erolcha
D:13:     layout_basic, erik_vaults_1, enter_bailey_3
D:14:     layout_loops_cross, portal_ice_cave_entry_pillars_2,
          serial_park_tiny_pond
D:15:     hangedman_depths_entry_civil_slaughter, layout_basic, serial_shops,
          nicolae_shop_competitors_out_of_business, shop, nicolae_shop_crystal
Lair:1:   beast_lair_carwin_large_1, layout_big_grid, grunt_megastairs_1
Lair:2:   layout_regular_city, elwin_shoals_entry_rocks,
          gammafunk_ghost_necromancy, serial_bayou_shore_b
Lair:3:   layout_cave_pods, basic_altar
Lair:4:   layout_long_grid, minmay_snake_entry_guardpost_medium,
          gauntlet_entry_generic, disabler_island, grunt_megastairs_5,
          minmay_lair_oklob_chamber, infiniplex_staircase_pool
Lair:5:   layout_cave_pods, beast_lair_carwin_2
Lair:6:   minmay_lair_end_enchanted_forest, layout_loops_ring, slime_dummy
Shoals:1: layout_shoals, nicolae_shoals_dead_sea_scrolls
Shoals:2: layout_shoals, ldierk_geyser, centaur_isle
Shoals:3: layout_shoals, nicolae_shoals_aquamancer_cove, uniq_donald,
          uniq_ilsuiw
Shoals:4: shoals_end_grunt_ice, layout_shoals, shoals_oasis, uniq_polyphemus
Snake:1:  layout_onion_interference, hangedman_snake_pattern,
          nicolae_snake_double_loop
Snake:2:  layout_onion_interference, grunt_megastairs_4, uniq_azrael
Snake:3:  layout_grid_maze
Snake:4:  grunt_snake_rune_spirals, layout_onion,
          gammafunk_ghost_berserking_beasts
Slime:1:  layout_caves
Slime:2:  layout_caves
Slime:3:  cheibrodos_slime_lost_civilization_9, layout_caves
Slime:4:  layout_caves
Slime:5
Orc:1:    gammafunk_beogh_shrine, layout_caves, mines2_david, uniq_josephine,
          uniq_gastronok
Orc:2:    st_orc_pillars, layout_diamond_mine, basic_altar, bloody_makhleb
Elf:1:    elf_arrival_002, layout_gridlike, serial_shops, shop,
          gammafunk_ghost_split, minmay_elf_demonology, minivault_4,
          st_stairs_14, amcnicky_mini_corridor_feature, uniq_agnes, uniq_kirke
Elf:2:    layout_loops_corners, basic_altar, serial_shops, shop,
          nicolae_shop_waterfront, nicolae_shop_overgrown_old_shop,
          shop_fountains, corexii_leaking_fountain
Elf:3:    minmay_elf_hall_hex, layout_geoelf_castle, uniq_bai_suzhen
Vaults:1: hangedman_vaults_cutoff, nicolae_vaults_octagons, vaults_dpeg_ring,
          v_misc_32, ontoclasm_vaults_spin, grunt_vaults_funnel,
          vaults_room_pool, nicolae_vaults_ring_of_whatevers,
          nicolae_vaults_three_branches, nicolae_vaults_ring_of_whatevers,
          grunt_vaults_hallway_short, layout_vaults_chaotic_city
Vaults:2: hangedman_vaults_stretched_pinwheel, st_octagons_1,
          nicolae_vaults_border_crossing, minmay_crypt_entry_nasty_monster,
          v_misc_17, v_misc_8, hangedman_vaults_pinch, v_misc_12,
          v_alt_pattern_6, v_misc_18, nicolae_vaults_little_squares_4,
          hangedman_vaults_slice, layout_vaults_omnicross
Vaults:3: gammafunk_vaults_ghost_grave, grunt_vaults_trifunnel,
          vaults_room_door_ring, nicolae_vaults_little_ls, ontoclasm_vaults_eye,
          v_misc_10, layout_vaults_omnigrid, serial_shops, nicolae_shop_trees
Vaults:4: v_rooms_4, nicolae_vaults_lopsided_apartments,
          nicolae_vaults_network_periphery, v_misc_33, hangedman_vaults_snaps,
          nicolae_vaults_circle_grid_b, vaults_room_fancy_cross,
          vaults_room_door_ring, v_misc_1, nicolae_vaults_network_square,
          ontoclasm_vaults_loading_screen, vaults_dpeg_encased_lava,
          vaults_room_door_ring, nicolae_vaults_rhombus_6, layout_vaults_omnibox
Vaults:5: serial_shops, uniq_mara, uniq_jory, uniq_mennas
Crypt:1:  layout_rooms, serial_sigils_hangedman_scratch
Crypt:2:  layout_chaotic_city, lightli_enter_wizlab_magi_temple
Crypt:3:  david_glass_crypt, layout_basic, grunt_megastairs_3
Tomb:1
Tomb:2
Depths:1: layout_gridville, enter_ziggurat_f, minmay_tree_intersection,
          hell_entry, hangedman_eye_storm
Depths:2: minmay_the_grid_octo_tiled_squarecenter_mashed
          [minmay_the_grid_octo_clover_2, minmay_the_grid_octo_clover,
          minmay_the_grid_octo_horde, minmay_the_grid_octo_shrine,
          minmay_the_grid_square_5x5_megaprize_diamond,
          minmay_the_grid_square_5x5_slash, minmay_the_grid_square_5x5_meh,
          minmay_the_grid_square_5x5_sharp_hourglass,
          minmay_the_grid_square_5x5_six], layout_cross, hell_entry,
          serial_bayou_pond_b, drop_trap
Depths:3: mu_elemental_laboratory, layout_cave_pools, pan_entry,
          serial_bayou_ford_a, hangedman_coc_ice_floe
Depths:4: minmay_blocking_statues, layout_long_grid, minmay_room_of_horrors,
          hell_entry, minmay_misc_feat_ornament, st_stairs_12
Depths:5: grunt_zot_entry_tricorne, layout_cave_pools, serial_shops, shop,
          rand_demon_pan_entry_8, grunt_hell_entry_dis_mu, serial_bayou_pond_c,
          grunt_ministairs_7, uniq_margery
Zot:1:    kennysheep_ambush_hall, layout_misc_corridors, zot_minivault_1
Zot:2:    layout_twisted_circle
Zot:3:    layout_cellular_growth, st_stairs_8, guppyfry_library_mini
Zot:4:    lemuel_firehouse, layout_onion_interference, grunt_megastairs_2
Zot:5:    layout_concentric_octagons, gammafunk_ghost_split

Skill      XL: |  1  2  3  4  5  6  7  8  9 10 11 12 13 14 15 16 17 18 19 20 21 22 23 24 25 26 27 |
---------------+----------------------------------------------------------------------------------+-----
Fighting       | 11 12 13 14 15 16 17 18 19 21 | 21.5
Invocations    | 1 2 3 4 5 6 7 8 9 10 11 12 13 14 15 16 17 18 21 | 21.3
Short Blades   | 1 2 3 4 5 6 7 8 9 10 11 12 13 14 15 16 17 19 | 19.9
Long Blades    | 1 2 3 4 5 6 7 8 9 10 11 12 13 14 15 16 17 19 | 19.9
Maces & Flails | 1 2 3 4 5 6 7 8 9 10 11 12 13 14 15 16 17 19 | 19.9
Polearms       | 1 2 3 4 5 6 7 8 9 10 11 12 13 14 15 16 17 19 | 19.9
Staves         | 1 2 3 4 5 6 7 8 9 10 11 12 13 14 15 16 17 19 | 19.9
Slings         | 1 2 3 4 5 6 7 8 9 10 11 12 13 14 15 16 17 19 | 19.9
Bows           | 1 2 3 4 5 6 7 8 9 10 11 12 13 14 15 16 17 19 | 19.9
Crossbows      | 1 2 3 4 5 6 7 8 9 10 11 12 13 14 15 16 17 19 | 19.9
Throwing       | 1 2 3 4 5 6 7 8 9 10 11 12 13 14 15 16 17 19 | 19.9
Dodging        | 1 2 3 4 5 6 7 8 9 10 11 12 13 14 15 16 17 19 | 19.9
Shields        | 1 2 3 4 5 6 7 8 9 10 11 12 13 14 15 16 17 19 | 19.9
Unarmed Combat | 1 2 3 4 5 6 7 8 9 10 11 12 13 14 15 16 17 19 | 19.9
Spellcasting   | 1 2 3 4 5 6 7 8 9 10 11 12 13 14 15 16 17 19 | 19.9
Conjurations   | 1 2 3 4 5 6 7 8 9 10 11 12 13 14 17 | 17.2
Hexes          | 1 2 3 4 5 6 7 8 9 10 11 12 13 14 17 | 17.2
Summonings     | 1 2 3 4 5 6 7 8 9 10 11 12 13 14 19 | 19.2
Necromancy     | 1 2 3 4 5 6 7 8 9 10 11 12 13 14 17 | 17.2
Translocations | 1 2 3 4 5 6 7 8 9 10 11 12 13 14 17 | 17.2
Transmutations | 1 2 3 4 5 6 7 8 9 10 11 12 13 14 17 | 17.2
Fire Magic     | 1 2 3 4 5 6 7 8 9 10 11 12 13 14 17 | 17.2
Ice Magic      | 1 2 3 4 5 6 7 8 9 10 11 12 13 14 17 | 17.2
Air Magic      | 1 2 3 4 5 6 7 8 9 10 11 12 13 14 17 | 17.2
Earth Magic    | 1 2 3 4 5 6 7 8 9 10 11 12 13 14 17 | 17.2
Poison Magic   | 1 2 3 4 5 6 7 8 9 10 11 12 13 14 18 | 18.3
Axes           | 3 4 5 6 7 8 9 10 11 12 13 14 15 16 17 20 | 20.0
Evocations     | 3 4 5 6 7 8 9 10 11 12 13 14 15 16 17 20 | 20.0
Armour         | 5 6 7 8 9 10 11 12 13 14 15 16 17 20 | 20.2
Stealth        | 3 4 5 6 7 8 9 10 11 12 13 14 15 16 17 20 | 20.0

Action                   |  1- 3 |  4- 6 |  7- 9 | 10-12 | 13-15 | 16-18 | 19-21 | 22-24 | 25-27 || total
-------------------------+-------+-------+-------+-------+-------+-------+-------+-------+-------++-------
Melee: Hand axe          |    79 |   185 |    22 |       |       |       |       |       |       ||   286
       Bite              |     4 |    16 |    28 |   113 |   296 |   266 |   392 |   483 |  1255 ||  2853
       Punch             |     1 |     2 |       |       |       |       |       |       |       ||     3
       Long sword        |       |       |   250 |   787 |  1651 |       |       |       |       ||  2688
       Demon blade       |       |       |       |       |   108 |  1265 |  1634 |  1657 |  3316 ||  7980
       Trishula          |       |       |       |       |       |       |       |       |  1342 ||  1342
       Headbutt          |       |       |       |       |       |       |       |       |    59 ||    59
Throw: Dart              |       |       |    14 |    25 |     7 |       |       |       |       ||    46
 Cast: Passage of Golubr |       |       |       |       |       |       |       |       |     2 ||     2
       Passwall          |       |       |       |       |       |       |       |       |     3 ||     3
Invok: Curse Item        |       |       |     2 |     1 |     2 |     1 |     2 |       |     4 ||    12
Evoke: Wand              |       |       |       |    19 |     8 |       |       |       |     8 ||    35
  Use: Potion            |       |     5 |     1 |     2 |     2 |     3 |    13 |     1 |    19 ||    46
       Scroll            |       |       |    16 |     3 |    12 |    12 |    14 |     2 |    45 ||   104
 Stab: Sleeping          |     4 |       |     4 |    14 |     6 |       |       |     4 |    15 ||    47
       Paralysed         |       |       |       |    18 |       |       |       |       |       ||    18
       Distracted        |       |       |       |     1 |     3 |     1 |     1 |     2 |    10 ||    18
       Invisible         |       |       |       |       |       |    42 |    70 |    70 |   128 ||   310
Armor: Robe              |    22 |       |       |       |       |       |       |       |       ||    22
       Scale mail        |     4 |   114 |   110 |   243 |    70 |       |       |       |       ||   541
       Chain mail        |       |       |       |       |   492 |   276 |   252 |       |       ||  1020
       Storm dragon scal |       |       |       |       |       |       |   102 |   280 |   990 ||  1372
Dodge: Dodged            |    44 |    90 |   140 |   320 |   727 |   505 |   859 |   831 |  2995 ||  6511
Block: Buckler           |       |       |    61 |    77 |       |       |       |       |       ||   138
       Kite shield       |       |       |       |   135 |  1047 |   649 |  1031 |   999 |  3453 ||  7314
       Reflection        |       |       |       |       |     7 |       |       |       |       ||     7
       Rpst.: Long sword |       |       |    45 |    90 |   179 |       |       |       |       ||   314
       Demon blade       |       |       |       |       |     7 |    98 |   142 |   182 |   382 ||   811
